 Dungeon Crawl Stone Soup version 0.31-a0-858-g469dc525a8 (webtiles) character file.

Game seed: 16413414826483313771

74 BritishOli the Trooper (level 4, -7/35 HPs)
             Began as a Demonspawn Fighter on Oct 9, 2023.
             Killed by divine providence
             ... invoked by an orc priest
              (17 damage)
             ... on level 3 of the Dungeon.
             The game lasted 00:01:09 (1255 turns).

BritishOli the Trooper (Demonspawn Fighter)         Turns: 1255, Time: 00:01:09

Health: -7/35      AC: 12    Str: 18    XL:     4   Next: 10%
Magic:  4/4        EV:  9    Int:  9    God:
Gold:   75         SH:  8    Dex: 13    Spells: 3/3 levels left

rFire   . . .        a - +0 war axe
rCold   . . .        c - +0 buckler
rNeg    . . .        b - +0 scale mail
rPois   .            i - +2 helmet
rElec   .            (no cloak)
rCorr   .            (no gloves)
SInv    .            (no boots)
Will    .....        (no amulet) Stlth
                     (no ring)
HPRegen 0.25/turn    (no ring)
MPRegen 0.09/turn

%: no passive effects
@: no status effects
A: yellow scales 1, condensation shield
a: no special abilities


You were on level 3 of the Dungeon.
You visited 1 branch of the dungeon, and saw 3 of its levels.

You collected 75 gold pieces.

Inventory:

Hand Weapons
 a - a +0 war axe (weapon)
Missiles
 j - a throwing net
Armour
 b - a +0 scale mail (worn)
 c - a +0 buckler (worn)
 i - a +2 helmet (worn)
Scrolls
 f - 2 scrolls of identify {unknown}
 g - a scroll of silence {unknown}
 h - 2 scrolls of vulnerability {unknown}
 k - a scroll of enchant weapon {unknown}
Potions
 d - a potion of might
 e - a potion of berserk rage {unknown}


   Skills:
 + Level 3.5 Fighting
 + Level 2.4 Axes
 + Level 3.2 Armour
 + Level 3.2 Shields


You had 3 spell levels left.
You didn't know any spells.
Your spell library contained the following spells:

 Spells                   Type           Power      Damage    Failure   Level
 Ignite Poison            Fire/Tmut/Pois 0%         N/A       99%         3
 Tukima's Dance           Hex            0%         N/A       99%         3
 Dimensional Bullseye     Hex/Tloc       0%         N/A       100%        4
 Iskenderun's Mystic Bla  Conj/Tloc      0%         2d3       100%        4
 Sticky Flame             Conj/Fire      0%         2d3       100%        4
 Ignition                 Fire           0%         3d3       100%        8


Dungeon Overview and Level Annotations

Branches:
Dungeon (3/15)

Altars:
Makhleb

Annotations:
D:3 Terence


Innate Abilities, Weirdness & Mutations

You are partially covered in yellow scales. (AC +2)
A meltable shield of frost defends you. (SH +4)


Message History

No reachable target in view!
An orc is nearby!
No reachable target in view!
An orc is nearby!
An orc is nearby!
No reachable target in view!
An orc is nearby!
No reachable target in view!
No reachable target in view!
Terence and an orc come into view.
Terence is wielding a +0 heavy trident.
Terence shouts!
The orc shouts!
Why would you want to do that? Why would you want to do that?
Why would you want to do that?
A goblin comes into view. It is wielding a +0 club.
An orc priest comes into view. It is wielding a +0 club.
An orc comes into view. It is wielding a +0 club.
A bat comes into view.
A quokka and a goblin come into view.
The orc shouts!
The orc priest shouts!
The goblin throws a stone.
The stone hits you but does no damage.
The orc priest mumbles some strange prayers to Beogh against you.
Beogh smites you!
You hear an angry hiss.
You block the bat's attack.
An orc comes into view.
It is wielding a +1 short sword of electrocution.
You closely miss the bat.
The orc shouts!
You block the bat's attack. The bat hits you but does no damage.
Terence hits you from afar with a +0 heavy trident!
* * * LOW HITPOINT WARNING * * *
The bat hits you but does no damage.
The goblin throws a stone.
The stone barely misses you.
An orc comes into view. It is wielding a +0 short sword.
You block the goblin's attack.
You closely miss the goblin. The bat barely misses you.
You block Terence's attack.
The orc priest invokes the aid of Beogh against you.
Beogh smites you!
You die...

....≈..o...
+....≈o≈§≈≈≈.≈.#.
#....≈.≈.$.≈.≈...
....≈.≈._.§.≈...
.o.≈o≈...≈.≈...
#####o≈.≈≈.≈§.≈...
#.....≈o@og...≈...
#.....≈≈≈b≈≈≈≈≈r..
+.........@g......
#?....#.####.##..#
#.....#.####.##. #
#.....#>.........#
#####....######..#
#####<...........##
#....#.....)......#
#....#............+
#..†(#............#


You could see Terence, an orc priest, 5 orcs, a quokka, 2 goblins and a bat.

Vanquished Creatures
  A gnoll (D:1)
  A worm (D:2)
  An orc (D:3)
  7 ball pythons
  10 bats
  7 endoplasms
  A giant cockroach (D:2)
  5 goblins
  4 hobgoblins
  4 jackals (D:2)
  2 quokkas
  3 frilled lizards
  3 kobolds (D:1)
  4 rats
53 creatures vanquished.

Notes
Turn   | Place    | Note
-------+----------+-------------------------------------------
     0 | D:1      | BritishOli the Demonspawn Fighter began the quest for the
                  | Orb.
     0 | D:1      | Reached XP level 1. HP: 18/18 MP: 1/1
    81 | D:1      | Gained mutation: A meltable shield of frost defends you.
                  | (SH +4) [demonic ancestry]
    81 | D:1      | Reached XP level 2. HP: 24/24 MP: 2/2
   253 | D:1      | Gained mutation: You are partially covered in yellow
                  | scales. (AC +2) [demonic ancestry]
   253 | D:1      | Reached XP level 3. HP: 29/29 MP: 3/3
   541 | D:2      | Found a faded altar of an unknown god.
  1084 | D:2      | Reached XP level 4. HP: 35/35 MP: 4/4
  1245 | D:3      | Found a burning altar of Makhleb.
  1248 | D:3      | Noticed Terence
  1255 | D:3      | Killed from afar by an orc priest

Illustrated notes

Levels and vault maps discovered:
D:1:      amcnicky_arrival_choice, layout_rooms
D:2:      layout_loops_cross, basic_altar, ebering_ecumenical_altar_petrified
D:3:      layout_basic, mainiacjoe_overflow_concentric_impassable,
          gammafunk_ghost_grave, uniq_terence, uniq_natasha

Skill      XL: |  1  2 |
---------------+-------+-----
Axes           | 2 |  2.4
Armour         | 3 |  3.2
Shields        | 3 |  3.2
Fighting       | |  3.5

Action                     |  1- 3 |  4- 6 || total
---------------------------+-------+-------++-------
  Melee: War axe           |   122 |     9 ||   131
 Armour: Scale mail        |    78 |    11 ||    89
  Dodge: Dodged            |    64 |     3 ||    67
  Block: Buckler           |    63 |     4 ||    67

Table legend: (Time is in decaauts)
 A = Elapsed time spent in this place.
 B = Non-inter-level travel time spent in this place.
 C = Inter-level travel time spent in this place.
 D = Time resting spent in this place.
 E = Time spent auto-exploring this place.
 F = Levels seen in this place.
 G = Mean time per level.
                   A        B        C        D        E       F      G
               +--------+--------+--------+--------+--------+-----+--------+
         Total |   1310 |   1263 |     47 |      0 |    914 |   3 |  436.7 |
       Dungeon |   1310 |   1263 |     47 |      0 |    914 |   3 |  436.7 |
               +--------+--------+--------+--------+--------+-----+--------+

Top non-repeatable levels by time:
     D:2: 709 daAuts
     D:1: 559 daAuts
     D:3: 41 daAuts
